Map: Pillars of Gold LE

Players

Liquidthermy (uThermal)

  • Race: Terran Terran
  • Spawn Location: 1:00

INnoVation - Winner!

  • Race: Terran Terran
  • Spawn Location: 7:00

Event: StayAtHomestory Cup #2

VOD

Have the link to the VOD?

Description

Time

  • Played on: June 12, 2020, 8:38 a.m.
  • Length: 14:03

All games in this series

Show
View Real Time Build Order
Export as new Build Order

Liquidthermy Terran 

Build Orders: Gas First Reaper Expand 

Get SALT Encoding   

  12  0:01  SCV  
  13  0:13  SCV  
  14  0:17  Supply Depot  
  14  0:25  SCV  
  15  0:28  Refinery  
  15  0:39  SCV  
  16  0:45  Barracks  
  16  0:51  SCV  
  17  1:03  SCV  
  18  1:15  SCV  
  19  1:32  Reaper, Orbital Command  
  20  1:48  Command Center  
  21  2:04  Factory  
  21  2:05  Reaper  
  21  2:10  SCV  
  21  2:14  Supply Depot  
  22  2:22  SCV  
  23  2:25  Refinery  
  23  2:36  SCV  
  24  2:38  Barracks Reactor  
  24  2:47  Hellion  
  24  2:48  SCV  
  27  2:58  Starport  
  27  3:00  SCV  
  27  3:01  Orbital Command  
  28  3:12  SCV  
  32  3:20  Hellion x2  
  32  3:22  Barracks Tech Lab  
  32  3:24  SCV  
  32  3:26  SCV  
  34  3:36  SCV  
  40  3:41  Hellion x2  
  40  3:45  Raven, Supply Depot  
  40  3:48  SCV  
  42  3:51  Barracks Tech Lab  
  42  3:55  SCV  
  43  4:00  SCV  
  43  4:02  Refinery  
  44  4:07  SCV  
  45  4:10  Supply Depot  
  45  4:12  SCV, Cyclone  
  49  4:17  Marine x2  
  49  4:24  SCV  
  46  4:27  SCV  
  47  4:34  Raven  
  47  4:35  Marine x2  
  47  4:36  SCV  
  52  4:41  SCV  
  51  4:48  SCV  
  52  4:53  SCV, Marine  
  52  4:54  Siege Tank  
  52  4:58  Marine  
  58  5:00  SCV  
  58  5:03  Supply Depot  
  58  5:05  SCV  
  60  5:10  Marine  
  60  5:12  SCV  
  60  5:13  Supply Depot  
  62  5:24  Raven, Marine  
  62  5:25  SCV x2  
  65  5:31  Marine  
  65  5:33  Command Center  
  65  5:35  Siege Tank  
  69  5:37  SCV x2  
  69  5:41  Refinery  
  69  5:42  Marine  
  71  5:47  Supply Depot  
  71  5:49  SCV x2, Marine  
  75  6:01  SCV x2, Supply Depot  
  77  6:10  Siege Tank  
  80  6:13  SCV x2  
  80  6:18  Starport Reactor  
  79  6:19  Marine  
  79  6:20  Stimpack  
  79  6:25  SCV  
  81  6:27  Barracks  
  81  6:28  Barracks  
  81  6:31  SCV  
  80  6:37  SCV, Marine  
  77  6:42  Siege Tank  
  77  6:43  SCV  
  77  6:46  Orbital Command  
  76  6:49  SCV  
  76  6:52  Engineering Bay  
  76  6:53  Engineering Bay  
  75  6:55  SCV, Marine  
  77  7:01  SCV  
  77  7:06  Starport Reactor  
  77  7:07  SCV  
  79  7:13  Marine  
  79  7:14  SCV, Siege Tank  
  79  7:15  Marine x2  
  85  7:18  Orbital Command  
  85  7:21  SCV  
  87  7:23  Missile Turret  
  87  7:26  Missile Turret, Marine x2  
  87  7:29  SCV  
  90  7:30  Marine  
  90  7:33  Marine  
  90  7:34  Terran Infantry Weapons Level 1  
  90  7:35  Terran Infantry Armor Level 1  
  90  7:37  SCV  
  90  7:40  Marine  
  90  7:41  SCV  
  92  7:45  SCV  
  92  7:49  SCV  
  93  7:53  SCV  
  93  7:54  Medivac  
  93  7:56  Viking  
  98  7:59  SCV  
  98  8:00  Marine  
  100  8:05  Combat Shield  
  100  8:07  Supply Depot  
  100  8:08  SCV x2  
  100  8:11  SCV  
  100  8:12  Marine  
  104  8:13  Supply Depot  
  104  8:16  Marine  
  104  8:18  Siege Tank  
  108  8:20  SCV  
  108  8:21  Supply Depot  
  108  8:23  Marine  
  108  8:24  Marine  
  106  8:30  Marine x2  
  106  8:31  SCV  
  106  8:33  Medivac x2  
  113  8:35  Marine  
  114  8:41  Marine  
  114  8:43  SCV, Marine  
  114  8:44  Refinery x2, Sensor Tower  
  114  8:46  SCV  
  114  8:48  Supply Depot, Marine x2  
  118  8:50  SCV  
  118  8:53  Siege Tank  
  124  8:55  SCV  
  124  8:59  SCV, Marine  
  127  9:05  SCV  
  127  9:06  Marine  
  127  9:08  Armory  
  127  9:09  Marine  
  130  9:10  Medivac  
  130  9:11  Medivac, Barracks  
  130  9:12  Barracks  
  130  9:13  Marine  
  130  9:14  Marine  
  130  9:15  SCV, Supply Depot  
  137  9:21  SCV  
  137  9:22  SCV, Marine  
  140  9:24  Marine  
  140  9:28  Marine  
  140  9:30  Supply Depot  
  140  9:31  Supply Depot, Marine  
  140  9:36  Marine  
  140  9:38  Siege Tank  
  143  9:40  Medivac, Marine  
  143  9:41  Medivac  
  143  9:42  Marine  
  149  9:47  Marine  
  149  9:49  Marine  
  145  9:54  Marine  
  145  9:57  Marine  
  147  10:00  Marine  
  147  10:02  Terran Infantry Weapons Level 2  
  147  10:03  Terran Infantry Armor Level 2  
  147  10:05  Marine  
  147  10:06  Barracks Reactor  
  140  10:07  Barracks Reactor  
  140  10:08  SCV, Marine  
  140  10:09  Medivac  
  140  10:11  Medivac, Marine  
  147  10:20  Marine  
  146  10:22  Marine  
  146  10:24  Marine  
  146  10:26  SCV, Marine  
  146  10:27  Command Center  
  150  10:29  Siege Tank  
  150  10:32  Marine  
  154  10:38  Marine  
  154  10:39  Medivac  
  148  10:44  Marine x2  
  148  10:49  Marine  
  124  10:50  Medivac, Marine x5  
  124  10:56  Marine  
  122  11:02  Siege Tank  
  125  11:04  Marine  
  125  11:05  Barracks  
  125  11:06  Barracks  
  125  11:08  Marine  
  125  11:10  Marine  
  125  11:11  Marine x3  
  128  11:12  Barracks  
  128  11:13  Sensor Tower  
  128  11:14  Marine  
  128  11:15  Marine  
  128  11:16  Marine  
  134  11:22  Marine  
  134  11:24  Medivac x2  
  139  11:25  Marine  
  139  11:28  Marine  
  139  11:31  Marine  
  139  11:32  Marine  
  143  11:33  Marine  
  143  11:34  Siege Tank  
  143  11:38  Marine  
  148  11:46  Marine  
  140  11:48  Marine  
  140  11:50  Marine  
  140  11:52  Marine x4  
  130  11:54  Medivac  
  130  11:58  Marine  
  130  11:59  Marine  
  106  12:06  Marine, Siege Tank  
  106  12:10  Marine  
  99  12:16  Marine  
  99  12:17  SCV x3  
  100  12:27  Marine x2  
  100  12:29  SCV x2  
  104  12:30  Marine  
  104  12:38  Marine x2, Siege Tank  
  104  12:44  Marine x3  
  108  12:46  SCV x2  
  108  12:47  SCV, Marine x2  
  115  12:54  Marine  
  115  12:55  Marine  
  117  12:58  Marine x2  
  117  13:03  Marine x2  
  121  13:09  Marine  
  121  13:10  Siege Tank  
  121  13:12  Marine  
  126  13:16  Marine  
  126  13:17  Marine  
  126  13:18  Marine  
  135  13:20  Marine  
  135  13:21  Marine  
  135  13:22  Marine  
  135  13:26  Marine x2  
  135  13:27  Marine  
  140  13:28  Marine  
  143  13:35  Marine  
  143  13:37  Marine x2  
  143  13:38  Marine  
  127  13:44  Marine x3  
  110  14:01  Barracks x2  
Show
View Real Time Build Order
Export as new Build Order

INnoVation Terran - Winner!

Build Orders: Gas First Reaper Expand, Liberator Opening 

Get SALT Encoding   

  12  0:00  SCV  
  13  0:12  SCV  
  14  0:18  Supply Depot  
  14  0:25  SCV  
  15  0:30  Refinery  
  15  0:39  SCV  
  16  0:45  Barracks  
  16  0:51  SCV  
  17  1:03  SCV  
  18  1:15  SCV  
  19  1:32  Reaper, Orbital Command  
  20  1:44  Command Center  
  20  1:57  Factory  
  20  1:59  SCV  
  21  2:07  Barracks Reactor  
  21  2:11  SCV  
  22  2:15  Supply Depot  
  22  2:16  Refinery  
  22  2:23  SCV  
  23  2:37  SCV  
  23  2:43  Starport  
  24  2:47  Hellion x2  
  24  2:49  SCV  
  29  2:56  Orbital Command  
  29  3:01  SCV  
  30  3:08  Hellion  
  30  3:10  Hellion  
  34  3:13  SCV  
  34  3:15  Orbital Command  
  35  3:21  Liberator  
  38  3:30  Hellion  
  38  3:32  Hellion  
  42  3:36  Supply Depot  
  42  3:38  Barracks Tech Lab  
  42  3:41  SCV  
  42  3:42  SCV  
  44  3:53  SCV  
  44  3:54  SCV, Refinery  
  46  4:02  Cyclone, Marine x2  
  49  4:04  Starport Tech Lab  
  49  4:07  Supply Depot  
  49  4:08  SCV x2  
  53  4:21  Marine  
  53  4:22  SCV x2, Marine  
  48  4:26  Raven  
  48  4:30  Supply Depot  
  50  4:34  SCV x2, Siege Tank  
  55  4:40  Supply Depot  
  55  4:41  Marine x2  
  57  4:47  SCV x2  
  59  4:59  SCV x2  
  61  5:00  Marine x2  
  61  5:04  Supply Depot  
  60  5:09  Raven  
  60  5:13  SCV x2  
  64  5:14  Siege Tank  
  64  5:18  Marine x2  
  69  5:21  Command Center  
  69  5:27  Refinery  
  69  5:32  SCV x2  
  71  5:36  Supply Depot, Marine x2  
  73  5:44  SCV x2  
  73  5:49  Siege Tank  
  78  5:54  Barracks  
  78  5:55  Barracks  
  78  5:58  SCV x2  
  80  6:04  Viking x2  
  80  6:05  Marine  
  83  6:16  SCV x2  
  83  6:21  Stimpack, Siege Tank  
  83  6:29  Supply Depot  
  83  6:34  Viking x2, Orbital Command  
  83  6:36  Marine  
  86  6:44  SCV x2  
  86  6:45  Barracks Reactor  
  86  6:46  Barracks Reactor  
  72  6:52  Engineering Bay x2  
  72  6:53  Siege Tank  
  59  6:54  Orbital Command  
  75  6:58  Marine  
  76  7:02  SCV x2  
  78  7:09  Barracks x2  
  78  7:16  SCV x2  
  78  7:19  SCV, Supply Depot  
  81  7:23  Marine x4  
  81  7:24  Marine  
  81  7:26  Terran Infantry Weapons Level 1, Terran Infantry Armor Level 1, Siege Tank  
  89  7:35  SCV  
  89  7:36  SCV x2  
  92  7:38  Medivac x2  
  92  7:43  Marine x5  
  101  7:48  SCV x3  
  104  7:56  Supply Depot  
  104  8:00  Barracks Reactor x2  
  104  8:01  Marine x5  
  104  8:03  Combat Shield, Siege Tank  
  104  8:05  SCV x3  
  114  8:08  Refinery  
  114  8:11  Supply Depot  
  114  8:17  SCV x3  
  114  8:18  Marine x2  
  114  8:19  Marine x3  
  122  8:23  Refinery  
  122  8:32  Medivac x2  
  126  8:36  Marine x3, Siege Tank  
  126  8:37  Marine x2  
  126  8:41  Supply Depot, Marine x4  
  135  8:42  Supply Depot  
  135  8:43  Supply Depot  
  135  8:48  Sensor Tower  
  138  8:54  Marine x3  
  141  8:58  Marine  
  141  9:01  Marine  
  141  9:03  Marine x4  
  141  9:08  SCV x3, Siege Tank  
  149  9:12  Armory, Marine x3  
  149  9:16  Marine  
  151  9:20  Marine  
  149  9:26  Marine x3  
  149  9:30  Marine x3  
  144  9:34  Marine  
  144  9:35  SCV x3  
  144  9:38  Barracks Reactor  
  128  9:50  Marine x7  
  123  9:56  SCV x3  
  123  9:58  Siege Tank  
  126  10:00  Medivac x2  
  126  10:01  Marine  
  129  10:07  Marine  
  129  10:08  Marine x3  
  129  10:12  SCV  
  129  10:13  SCV x2  
  134  10:16  Marine x2  
  134  10:17  Marine x3  
  133  10:24  SCV  
  133  10:25  SCV x2  
  133  10:27  Marine  
  133  10:28  Marine x2  
  138  10:35  Siege Tank  
  141  10:41  Marine x5  
  141  10:42  Marine  
  142  10:47  Medivac x2  
  142  10:48  Marine  
  117  10:57  Terran Infantry Armor Level 2, Terran Infantry Weapons Level 2  
  117  10:58  Marine  
  117  10:59  Marine x2  
  117  11:00  Marine  
  117  11:03  Marine  
  122  11:09  Siege Tank  
  125  11:11  Terran Vehicle Weapons Level 1, Marine  
  125  11:13  Factory, Marine x3  
  125  11:14  Marine  
  130  11:20  Medivac x2  
  130  11:23  Marine x2  
  130  11:24  Marine x3  
  139  11:28  Supply Depot  
  139  11:29  Marine  
  139  11:31  Marine x3  
  143  11:35  Marine  
  143  11:41  Marine x5  
  143  11:45  Siege Tank  
  146  11:47  Marine  
  146  11:51  Marine x3  
  146  11:53  Marine  
  133  11:59  Marine x5  
  129  12:05  Marine  
  130  12:08  Marine  
  130  12:09  Marine x2  
  130  12:10  SCV x3  
  130  12:11  Marine  
  132  12:16  Siege Tank  
  132  12:19  Medivac  
  132  12:20  Medivac  
  132  12:21  Marine x2  
  132  12:22  SCV  
  134  12:23  Marine  
  134  12:24  Marine  
  134  12:25  Marine  
  134  12:29  Marine  
  131  12:38  Siege Tank  
  131  12:42  Marine x8  
  142  12:48  Siege Tank  
  145  12:52  Supply Depot, Marine x2  
  147  13:00  Marine x2  
  147  13:05  Marine x2  
  151  13:11  Siege Tank  
  151  13:12  Marine x2  
  156  13:14  Supply Depot x2  
  156  13:16  Supply Depot  
  156  13:22  Siege Tank  
  156  13:23  Marine x3  
  161  13:34  Marine  
  161  13:35  Marine x6  
  162  13:42  Marine  
Tags
 
Add a new tag
Caveats
  • Supply blocks, unpowered buildings, or Contaminate may cause inaccurate times.
  • Supply counts are checked every 10 seconds.